| TOP OF THE 1ST |
|
Peoria Chiefs batting - Pitching for Hagerstown Suns : RHP Chris Mosley
|
|
Pitching: RHP Chris Mosley
|
|
|
Batting: RHB Robby Hickman
|
0-0: Called Strike 0-1: Ball 1-1: Ball 2-1: Ball 3-1: SINGLE (Groundball, 56D, EV 100.0 MPH)
|
|
Batting: RHB Tommy Tracy
|
0-0: SINGLE (Groundball, 25, EV 66.2 MPH) (infield hit) Robby Hickman to second
|
|
Batting: RHB Bobby Miles
|
0-0: Ball 1-0: Ball 2-0: Foul Ball, location: 2F 2-1: Swinging Strike 2-2: Foul Ball, location: 2F 2-2: Foul Ball, location: 2F 2-2: Strikes out swinging
|
|
Batting: RHB Sam Daw
|
0-0: Called Strike 0-1: Foul Ball, location: 2F 0-2: Strikes out swinging
|
|
Batting: RHB Edgar Landim
|
0-0: Foul Ball, location: 2F 0-1: Swinging Strike 0-2: Fielders Choice at 2nd, 5-4 (Groundball, 5, EV 97.5 MPH)
|
| Top of the 1st over - 0 runs, 2 hits, 0 errors, 2 left on base; Peoria 0 - Hagerstown 0 |
| BOTTOM OF THE 1ST |
|
Hagerstown Suns batting - Pitching for Peoria Chiefs : RHP Jaquan Alston
|
|
Pitching: RHP Jaquan Alston
|
|
|
Batting: RHB Taffounnout Kame
|
0-0: Fly out, F9 (Flyball, 9D, EV 90.6 MPH)
|
|
Batting: RHB Aaron Bateman
|
0-0: Called Strike 0-1: Ball 1-1: Foul Ball, location: 2F 1-2: Ball 2-2: SINGLE (Groundball, 6S, EV 65.0 MPH) (infield hit)
|
|
Batting: RHB Pat Scaturro
|
0-0: Swinging Strike 0-1: Ball 1-1: Ball 2-1: SINGLE (Groundball, 34, EV 103.1 MPH) Aaron Bateman to second Runner from 2nd tries for 3rd, SAFE, throw by RF made to third
|
|
Batting: RHB Leo Gutierrez
|
0-0: Ball 1-0: Called Strike Pat Scaturro steals 2nd, throwing error, E2 Aaron Bateman scores Pat Scaturro to third 1-1: Foul Ball, location: 2F 1-2: Ground out 5-3 (Groundball, 56, EV 91.9 MPH) Pat Scaturro scores
|
|
Batting: RHB Xavier Reeves
|
0-0: Fly out, F9 (Line Drive, 9S, EV 103.1 MPH)
|
| Bottom of the 1st over - 2 runs, 2 hits, 1 error, 0 left on base; Peoria 0 - Hagerstown 2 |
| TOP OF THE 2ND |
|
Peoria Chiefs batting - Pitching for Hagerstown Suns : RHP Chris Mosley
|
|
Batting: RHB Workneh Lagat
|
0-0: SINGLE (Groundball, 56D, EV 108.1 MPH)
|
|
Batting: RHB Fekadu Alhaadi
|
0-0: Ball 1-0: Ball Wild Pitch! Workneh Lagat to second 2-0: Foul Ball, location: 2F 2-1: Ball 3-1: Called Strike 3-2: Base on Balls
|
|
Batting: RHB Roberto Ruiz
|
0-0: Ball 1-0: Ball 2-0: Called Strike 2-1: Ball 3-1: Swinging Strike 3-2: DOUBLE (Flyball, 8RXD, EV 95.6 MPH) Workneh Lagat scores Fekadu Alhaadi to third Runner from 3rd tries for Home, SAFE, throw by CF to trailing runner, SAFE at third!
|
|
Batting: RHB Kyle Burns
|
0-0: Ball 1-0: Called Strike 1-1: Ball 2-1: Swinging Strike 2-2: Strikes out looking
|
|
Batting: RHB Robby Hickman
|
0-0: Called Strike 0-1: Called Strike 0-2: Foul Ball, location: 2F 0-2: Ball 1-2: Ball 2-2: Fly out, F8 (Flyball, 8LM, EV 96.2 MPH)
|
|
Batting: RHB Tommy Tracy
|
0-0: Swinging Strike 0-1: Called Strike 0-2: Ball 1-2: Foul Ball, location: 2F 1-2: Hit by Pitch
|
|
Batting: RHB Bobby Miles
|
0-0: Ball 1-0: Ball 2-0: Ground out 6-3 (Groundball, 6M, EV 85.6 MPH)
|
| Top of the 2nd over - 2 runs, 2 hits, 0 errors, 2 left on base; Peoria 2 - Hagerstown 2 |
| BOTTOM OF THE 2ND |
|
Hagerstown Suns batting - Pitching for Peoria Chiefs : RHP Jaquan Alston
|
|
Batting: LHB Diego Gutierres
|
0-0: Called Strike 0-1: Ball 1-1: Foul Ball, location: 2F 1-2: Foul Ball, location: 2F 1-2: Fly out, F9 (Flyball, 89M, EV 85.6 MPH)
|
|
Batting: SHB Fernando Fundora
|
0-0: Called Strike 0-1: Swinging Strike 0-2: Ball 1-2: Strikes out swinging
|
|
Batting: LHB Mike Hamilton
|
0-0: Foul Ball, location: 2F 0-1: Ball 1-1: Ball 2-1: Foul Ball, location: 2F 2-2: Strikes out swinging
|
| Bottom of the 2nd over - 0 runs, 0 hits, 0 errors, 0 left on base; Peoria 2 - Hagerstown 2 |
| TOP OF THE 3RD |
|
Peoria Chiefs batting - Pitching for Hagerstown Suns : RHP Chris Mosley
|
|
Batting: RHB Sam Daw
|
0-0: Ball 1-0: Called Strike 1-1: Ball 2-1: Foul Ball, location: 2F 2-2: Ball 3-2: Ground out 2-3 (Groundball, 13S, EV 71.9 MPH)
|
|
Batting: RHB Edgar Landim
|
0-0: Ball 1-0: Foul Ball, location: 2F 1-1: Called Strike 1-2: Ground out 4-3 (Groundball, 34, EV 100.0 MPH)
|
|
Batting: RHB Workneh Lagat
|
0-0: Ball 1-0: Ground out 1-3 (Groundball, 34S, EV 69.4 MPH)
|
| Top of the 3rd over - 0 runs, 0 hits, 0 errors, 0 left on base; Peoria 2 - Hagerstown 2 |
| BOTTOM OF THE 3RD |
|
Hagerstown Suns batting - Pitching for Peoria Chiefs : RHP Jaquan Alston
|
|
Batting: RHB Joe Simmelink
|
0-0: Ball 1-0: Called Strike 1-1: Ball 2-1: SINGLE (Groundball, 56D, EV 101.9 MPH)
|
|
Batting: RHB Taffounnout Kame
|
0-0: Foul Ball, location: 2F 0-1: Called Strike 0-2: Ball 1-2: Foul Ball, location: 2F 1-2: Foul Ball, location: 2F 1-2: Strikes out swinging
|
|
Batting: RHB Aaron Bateman
|
0-0: Called Strike 0-1: Grounds into double play, 6-4-3 (Groundball, 6, EV 83.1 MPH)
|
| Bottom of the 3rd over - 0 runs, 1 hit, 0 errors, 0 left on base; Peoria 2 - Hagerstown 2 |
| TOP OF THE 4TH |
|
Peoria Chiefs batting - Pitching for Hagerstown Suns : RHP Chris Mosley
|
|
Batting: RHB Fekadu Alhaadi
|
0-0: Ball 1-0: Ball 2-0: Called Strike 2-1: Ball 3-1: Base on Balls
|
|
Batting: RHB Roberto Ruiz
|
0-0: Fly out, F8 (Flyball, 8LD, EV 100.6 MPH)
|
|
Batting: RHB Kyle Burns
|
0-0: Called Strike Fekadu Alhaadi steals 2nd base 0-1: Ball 1-1: Ball 2-1: Ball 3-1: Base on Balls
|
|
Batting: RHB Robby Hickman
|
0-0: Called Strike 0-1: Swinging Strike Passed Ball! Fekadu Alhaadi to third Kyle Burns to second 0-2: Ball 1-2: Ball 2-2: Ball 3-2: Ground out 1-3 (Groundball, 13S, EV 65.0 MPH)
|
|
Batting: RHB Tommy Tracy
|
0-0: Called Strike 0-1: Ball 1-1: Called Strike 1-2: Strikes out swinging
|
| Top of the 4th over - 0 runs, 0 hits, 0 errors, 2 left on base; Peoria 2 - Hagerstown 2 |
| BOTTOM OF THE 4TH |
|
Hagerstown Suns batting - Pitching for Peoria Chiefs : RHP Jaquan Alston
|
|
Batting: RHB Pat Scaturro
|
0-0: SINGLE (Line Drive, 78M, EV 110.0 MPH)
|
|
Batting: RHB Leo Gutierrez
|
0-0: Ball 1-0: Foul Ball, location: 2F 1-1: SINGLE (Line Drive, 3D, EV 100.0 MPH) Pat Scaturro to second
|
|
Batting: RHB Xavier Reeves
|
0-0: Fly out, F8 (Flyball, 8RM, EV 86.2 MPH)
|
|
Batting: LHB Diego Gutierres
|
0-0: Ball 1-0: SINGLE (Groundball, 56D, EV 96.9 MPH) Pat Scaturro to third Leo Gutierrez to second Runner from 3rd tries for Home, SAFE, throw by LF to home
|
|
Batting: SHB Fernando Fundora
|
0-0: Swinging Strike 0-1: Called Strike 0-2: Strikes out looking
|
|
Batting: LHB Mike Hamilton
|
0-0: Called Strike 0-1: Ball 1-1: Called Strike 1-2: Foul Ball, location: 2F 1-2: Foul Ball, location: 2F 1-2: Ball 2-2: Fly out, F9 (Flyball, 89S, EV 83.1 MPH)
|
| Bottom of the 4th over - 1 run, 3 hits, 0 errors, 2 left on base; Peoria 2 - Hagerstown 3 |
| TOP OF THE 5TH |
|
Peoria Chiefs batting - Pitching for Hagerstown Suns : RHP Chris Mosley
|
|
Batting: RHB Bobby Miles
|
0-0: Ball 1-0: Ball 2-0: Called Strike 2-1: Ground out 6-3 (Groundball, 6, EV 83.8 MPH)
|
|
Batting: RHB Sam Daw
|
0-0: Foul Ball, location: 2F 0-1: Ground out 1-3 (Groundball, 13S, EV 68.1 MPH)
|
|
Batting: RHB Edgar Landim
|
0-0: Foul Ball, location: 2F 0-1: Ball 1-1: Swinging Strike 1-2: Ball 2-2: SINGLE (Line Drive, 8LS, EV 108.1 MPH)
|
|
Pitching: RHP Josh Jenkins
|
|
|
Batting: RHB Workneh Lagat
|
0-0: Called Strike 0-1: Ball 1-1: Ball 2-1: Foul Ball, location: 2F 2-2: Strikes out looking
|
| Top of the 5th over - 0 runs, 1 hit, 0 errors, 1 left on base; Peoria 2 - Hagerstown 3 |
| BOTTOM OF THE 5TH |
|
Hagerstown Suns batting - Pitching for Peoria Chiefs : RHP Jaquan Alston
|
|
Batting: RHB Joe Simmelink
|
0-0: Ball 1-0: Ball 2-0: Foul Ball, location: 2F 2-1: Ball 3-1: Base on Balls
|
|
Batting: RHB Taffounnout Kame
|
0-0: Ball 1-0: Ball 2-0: Foul Ball, location: 2F 2-1: Foul Ball, location: 2F 2-2: Ball 3-2: Fly out, F9 (Flyball, 9S, EV 95.6 MPH)
|
|
Batting: RHB Aaron Bateman
|
0-0: Ball 1-0: Ball 2-0: Ball 3-0: Fielders Choice at 2nd, 2-4 (Groundball, 2L, EV 67.5 MPH)
|
|
Batting: RHB Pat Scaturro
|
0-0: Foul Ball, location: 2F 0-1: Fly out, F7 (Flyball, 7, EV 85.6 MPH)
|
| Bottom of the 5th over - 0 runs, 0 hits, 0 errors, 1 left on base; Peoria 2 - Hagerstown 3 |
| TOP OF THE 6TH |
|
Peoria Chiefs batting - Pitching for Hagerstown Suns : RHP Josh Jenkins
|
|
Batting: RHB Fekadu Alhaadi
|
0-0: Fly out, F9 (Flyball, 9, EV 92.5 MPH)
|
|
Batting: RHB Roberto Ruiz
|
0-0: Foul Ball, location: 2F 0-1: Called Strike 0-2: Fly out, F8 (Flyball, 8RM, EV 89.4 MPH)
|
|
Batting: RHB Kyle Burns
|
0-0: Called Strike 0-1: Foul Ball, location: 2F 0-2: Strikes out swinging
|
| Top of the 6th over - 0 runs, 0 hits, 0 errors, 0 left on base; Peoria 2 - Hagerstown 3 |
| BOTTOM OF THE 6TH |
|
Hagerstown Suns batting - Pitching for Peoria Chiefs : RHP Jaquan Alston
|
|
Batting: RHB Leo Gutierrez
|
0-0: Ball 1-0: Called Strike 1-1: Ball 2-1: Ball 3-1: Called Strike 3-2: Base on Balls
|
|
Batting: RHB Xavier Reeves
|
0-0: Fly out, F8 (Flyball, 8RS, EV 97.5 MPH)
|
|
Batting: LHB Diego Gutierres
|
0-0: Ball 1-0: Swinging Strike 1-1: Ball 2-1: Fly out, F7 (Line Drive, 7S, EV 95.6 MPH)
|
|
Batting: SHB Fernando Fundora
|
0-0: Ball 1-0: Foul Ball, location: 2F 1-1: Ball 2-1: Called Strike 2-2: Strikes out swinging
|
| Bottom of the 6th over - 0 runs, 0 hits, 0 errors, 1 left on base; Peoria 2 - Hagerstown 3 |
| TOP OF THE 7TH |
|
Peoria Chiefs batting - Pitching for Hagerstown Suns : RHP Josh Jenkins
|
|
Batting: RHB Robby Hickman
|
0-0: TRIPLE (Flyball, 78XD, EV 107.5 MPH)
|
|
Batting: RHB Tommy Tracy
|
0-0: SINGLE (Flyball, 34D, EV 89.4 MPH) Robby Hickman scores
|
|
Batting: RHB Bobby Miles
|
0-0: SINGLE (Line Drive, 7S, EV 91.9 MPH) Tommy Tracy to second
|
|
Batting: RHB Sam Daw
|
0-0: Called Strike 0-1: Called Strike 0-2: Foul Ball, location: 2F 0-2: Ball 1-2: Strikes out swinging
|
|
Batting: RHB Edgar Landim
|
0-0: Called Strike 0-1: Reached on error, E5 (Groundball, 56S, EV 86.2 MPH) Tommy Tracy to third Bobby Miles to second
|
|
Batting: RHB Workneh Lagat
|
0-0: Ball 1-0: Ball 2-0: Swinging Strike 2-1: Foul Ball, location: 2F 2-2: Foul Ball, location: 2F 2-2: Ball 3-2: Grounds into fielders choice 6-2 (Groundball, 6, EV 87.5 MPH) Bobby Miles to third Edgar Landim to second
|
|
Batting: RHB Fekadu Alhaadi
|
0-0: Ball 1-0: Foul Ball, location: 2F 1-1: Ball 2-1: Swinging Strike 2-2: Strikes out swinging
|
| Top of the 7th over - 1 run, 3 hits, 1 error, 3 left on base; Peoria 3 - Hagerstown 3 |
| BOTTOM OF THE 7TH |
|
Hagerstown Suns batting - Pitching for Peoria Chiefs : RHP Jaquan Alston
|
|
Pitching: RHP Willie Alvarado
|
|
|
Batting: LHB Mike Hamilton
|
0-0: Ball 1-0: Foul Ball, location: 2F 1-1: Called Strike 1-2: Foul Ball, location: 2F 1-2: Strikes out swinging
|
|
Batting: RHB Joe Simmelink
|
0-0: Foul Ball, location: 2F 0-1: Swinging Strike 0-2: Foul Ball, location: 2F 0-2: Foul Ball, location: 2F 0-2: Ball 1-2: Ball 2-2: Foul Ball, location: 2F 2-2: Ground out 5-3 (Groundball, 56, EV 83.8 MPH)
|
|
Batting: RHB Taffounnout Kame
|
0-0: Swinging Strike 0-1: Ball 1-1: Called Strike 1-2: Strikes out swinging, 2-3 out at first.
|
| Bottom of the 7th over - 0 runs, 0 hits, 0 errors, 0 left on base; Peoria 3 - Hagerstown 3 |
| TOP OF THE 8TH |
|
Peoria Chiefs batting - Pitching for Hagerstown Suns : RHP Josh Jenkins
|
|
Pitching: RHP Chris Doty
|
|
|
Batting: RHB Roberto Ruiz
|
0-0: Called Strike 0-1: Fly out, F9 (Flyball, 89M, EV 78.1 MPH)
|
|
Batting: RHB Kyle Burns
|
0-0: Called Strike 0-1: Swinging Strike 0-2: Strikes out swinging
|
|
Batting: RHB Robby Hickman
|
0-0: Called Strike 0-1: Swinging Strike 0-2: Strikes out looking
|
| Top of the 8th over - 0 runs, 0 hits, 0 errors, 0 left on base; Peoria 3 - Hagerstown 3 |
| BOTTOM OF THE 8TH |
|
Hagerstown Suns batting - Pitching for Peoria Chiefs : RHP Willie Alvarado
|
|
Pitching: RHP Derrick Easley
|
|
|
Batting: RHB Aaron Bateman
|
0-0: Ball 1-0: Swinging Strike 1-1: Ground out 6-3 (Groundball, 6, EV 101.2 MPH)
|
|
Batting: RHB Pat Scaturro
|
0-0: Called Strike 0-1: Ball 1-1: Called Strike 1-2: Fly out, F7 (Line Drive, 7LM, EV 95.0 MPH)
|
|
Batting: RHB Leo Gutierrez
|
0-0: Called Strike 0-1: Called Strike 0-2: Foul Ball, location: 2F 0-2: Fly out, F9 (Flyball, 9D, EV 96.9 MPH)
|
| Bottom of the 8th over - 0 runs, 0 hits, 0 errors, 0 left on base; Peoria 3 - Hagerstown 3 |
| TOP OF THE 9TH |
|
Peoria Chiefs batting - Pitching for Hagerstown Suns : RHP Chris Doty
|
|
Batting: RHB Tommy Tracy
|
0-0: Ball 1-0: Foul Ball, location: 2F 1-1: Called Strike 1-2: Strikes out swinging
|
|
Batting: RHB Bobby Miles
|
0-0: Called Strike 0-1: Ground out 6-3 (Groundball, 6, EV 80.6 MPH)
|
|
Batting: RHB Sam Daw
|
0-0: Ball 1-0: Ball 2-0: Called Strike 2-1: Ball 3-1: Ground out 6-3 (Groundball, 6M, EV 80.0 MPH)
|
| Top of the 9th over - 0 runs, 0 hits, 0 errors, 0 left on base; Peoria 3 - Hagerstown 3 |
| BOTTOM OF THE 9TH |
|
Hagerstown Suns batting - Pitching for Peoria Chiefs : RHP Derrick Easley
|
|
Batting: RHB Xavier Reeves
|
0-0: Called Strike 0-1: Ball 1-1: Ground out 4-3 (Groundball, 4, EV 90.6 MPH)
|
|
Batting: LHB Diego Gutierres
|
0-0: SOLO HOME RUN (Flyball, 9D, EV 105.6 MPH), Distance : 394 ft
|
| Bottom of the 9th over - 1 run, 1 hit, 0 errors, 0 left on base; Peoria 3 - Hagerstown 4 |
|